AoeStats
← [Tps] Gordon Freeman

MegaRandom

506967386Analyzed
2v2 RM · 17d ago on Sep 16, 2026· 26m 47s· 4 players
Game mode
Random Map
Map size
Medium (4 player)
Population
200
Speed
Normal
Resources
Standard
Victory
Conquest
Starting age
Dark Age
Ending age
Imperial Age
RankedLock teamsTeams togetherTeam positionsShared explorationLock speedFull tech treeHidden civsTurbo modeCheats
Victory
Defeat
🇦🇷 Saracens · Argentina
1164
+13
🇦🇷 Khmer · Argentina
1076
+16
🇨🇦 Tatars · Canada
1098
-15
🇨🇦 Berbers · Canada
1085
-14
Jernau Morat Gurgeh
0:30 Loom
9:26 Feudal Age
9:56 Double-Bit Axe
17:10 Castle Age
20:36 Scale Barding Armor
22:27 Fletching
24:14 Padded Archer Armor
Maximuz
0:29 Loom
10:40 Feudal Age
13:07 Wheelbarrow
12:19 Double-Bit Axe
13:49 Horse Collar
15:55 Forging
21:32 Castle Age
24:51 Castle Age
24:28 Fletching
24:39 Padded Archer Armor
27:11 Thumb Ring
eloydordolo87
0:33 Loom
9:55 Feudal Age
12:45 Castle Age
14:02 Double-Bit Axe
20:10 Bloodlines
20:25 Horse Collar
23:30 Wheelbarrow
23:47 Scale Barding Armor
24:39 Forging
24:40 Husbandry
[Tps] Gordon Freeman
6:10 Loom
9:11 Feudal Age
9:41 Double-Bit Axe
13:30 Fletching
14:47 Padded Archer Armor
21:35 Castle Age
20:39 Gold Mining
22:14 Wheelbarrow
21:42 Crossbowman
22:52 Bodkin Arrow
23:59 Bow Saw
26:35 Horse Collar
Connection lost

Rejoining the realm…

Still unreachable

The connection could not be restored.

Session expired

The server has moved on; the page needs a fresh start.